Map: Lerilak Crest

Players

MasterChief

  • Race: Zerg Zerg
  • League: Bronze

HzVee - Winner!

  • Race: Protoss Protoss
  • League: Bronze

VOD

Have the link to the VOD?

Description

Time

  • Played on: Oct. 28, 2015, 7:32 a.m.
  • Length: 11:02
Show
View Real Time Build Order
Export as new Build Order

MasterChief Zerg 

Build Orders: Pool First, Roach Nydus 

Get SALT Encoding   

  12  0:06  Drone  
  13  0:09  Drone  
  14  0:14  Extractor  
  14  0:16  Drone  
  14  0:25  Overlord  
  14  0:45  Drone, Spawning Pool  
  14  0:50  Drone  
  15  0:59  Drone  
  15  1:02  Drone  
  17  1:18  Drone  
  18  1:25  Drone  
  19  1:36  Drone  
  19  1:38  Queen  
  22  2:00  Overlord  
  22  2:06  Hatchery  
  21  2:17  Zergling x2  
  21  2:18  Queen  
  21  2:19  Zergling x2  
  21  2:20  Zergling x2  
  26  2:33  Roach Warren  
  25  2:50  Drone  
  25  2:51  Drone x4  
  30  2:55  Extractor  
  29  3:06  Overlord  
  29  3:10  Drone  
  30  3:17  Queen  
  30  3:18  Drone  
  30  3:19  Drone  
  34  3:22  Drone  
  35  3:28  Drone  
  36  3:37  Roach  
  36  3:38  Roach  
  40  3:42  Spore Crawler  
  39  3:48  Spore Crawler  
  39  3:55  Queen  
  40  4:08  Drone x4  
  44  4:11  Overlord  
  44  4:16  Overlord  
  44  4:28  Overlord  
  44  4:32  Lair  
  44  4:43  Ravager x2  
  46  4:54  Roach x3  
  46  4:55  Roach x3  
  58  5:19  Ravager x6  
  64  5:23  Overlord x3  
  64  5:30  Overseer  
  64  5:35  Drone x4  
  68  5:38  Overlord  
  68  5:39  Overseer  
  68  5:49  Nydus Network  
  67  6:03  Hatchery  
  66  6:07  Drone  
  66  6:08  Drone x6  
  66  6:11  Roach x2  
  77  6:15  Extractor  
  76  6:19  Extractor  
  75  6:28  Roach x4  
  83  6:36  Drone  
  83  6:37  Drone x2  
  86  6:46  Drone, Spire  
  86  7:15  Nydus Canal  
  86  7:21  Roach x8  
  102  7:31  Drone x4  
  106  7:46  Overlord x7  
  89  8:22  Roach  
  89  8:23  Roach x11  
  97  8:47  Drone x13  
  110  8:51  Drone  
  111  8:55  Spore Crawler  
  111  8:56  Extractor  
  111  8:57  Extractor  
  111  8:58  Spore Crawler  
  107  9:10  Zergling x16  
  108  9:23  Roach x7  
  85  9:31  Roach  
  85  9:32  Roach x2  
  85  9:33  Spine Crawler  
  85  9:36  Spine Crawler  
  82  9:52  Zergling x14  
  74  9:53  Zergling x8  
  68  10:02  Roach  
  68  10:03  Roach  
  52  10:21  Queen  
  52  10:22  Drone x2  
  50  10:31  Spine Crawler x2  
  50  10:33  Spine Crawler  
  50  10:34  Roach x4  
  44  10:43  Drone  
Show
View Real Time Build Order
Export as new Build Order

HzVee Protoss - Winner!

Build Orders:  

Get SALT Encoding   

  12  0:01  Probe (Chrono Boost)  
  13  0:12  Probe (Chrono Boost)  
  14  0:22  Probe (Chrono Boost), Pylon  
  15  0:35  Assimilator  
  15  0:40  Probe (Chrono Boost)  
  16  0:50  Gateway  
  16  0:52  Probe (Chrono Boost)  
  17  1:03  Probe (Chrono Boost)  
  18  1:10  Gateway  
  18  1:14  Probe (Chrono Boost)  
  19  1:25  Probe (Chrono Boost)  
  20  1:29  Assimilator  
  20  1:35  Probe (Chrono Boost)  
  20  1:39  Zealot (Chrono Boost)  
  23  1:58  Cybernetics Core  
  23  2:02  Pylon  
  23  2:20  Probe (Chrono Boost), Zealot  
  26  2:32  Nexus  
  26  2:34  Pylon  
  26  2:38  Mothership Core (Chrono Boost)  
  26  2:42  Warp Gate (Chrono Boost)  
  28  2:46  Adept  
  30  2:55  Adept  
  32  2:58  Probe  
  33  3:21  Pylon  
  33  3:27  Adept x2  
  37  3:36  Forge  
  37  3:40  Robotics Facility  
  37  3:44  Probe  
  38  3:52  Probe  
  38  3:54  Probe  
  39  4:02  Adept  
  42  4:05  Probe x2, Protoss Ground Weapons Level 1 (Chrono Boost)  
  45  4:17  Probe  
  45  4:27  Immortal (Chrono Boost)  
  49  4:32  Probe  
  50  4:45  Probe, Pylon  
  51  4:49  Stalker  
  53  4:53  Stalker  
  53  4:57  Probe  
  56  5:03  Observer (Chrono Boost)  
  57  5:09  Probe  
  57  5:12  Gateway  
  58  5:14  Gateway  
  58  5:21  Probe  
  59  5:27  Stalker x2  
  63  5:33  Probe, Assimilator  
  64  5:37  Immortal (Chrono Boost)  
  64  5:42  Protoss Shields Level 1  
  68  5:45  Probe  
  68  5:47  Pylon  
  69  6:07  Stalker x2  
  69  6:10  Stalker x2  
  77  6:11  Probe  
  77  6:18  Assimilator  
  78  6:22  Pylon  
  78  6:40  Probe, Pylon x2  
  78  6:42  Pylon  
  78  6:44  Stalker x2  
  78  6:45  Stalker  
  85  6:52  Probe  
  86  7:04  Probe  
  86  7:07  Robotics Bay  
  87  7:09  Robotics Facility  
  87  7:13  Stalker x2  
  91  7:16  Probe  
  92  7:28  Probe  
  93  7:30  Gateway  
  93  7:38  Gateway  
  93  7:40  Probe  
  93  7:47  Stalker x2  
  93  7:48  Stalker x2  
  104  7:51  Immortal (Chrono Boost)  
  104  7:53  Probe  
  100  8:22  Nexus  
  100  8:33  Pylon  
  100  8:55  Pylon  
  100  9:02  Protoss Ground Armor Level 1  
  100  9:09  Twilight Council  
  100  9:11  Extended Thermal Lance  
  98  9:20  Colossus (Chrono Boost)  
  90  9:30  Stalker x2  
  92  10:10  Stalker x4  
  100  10:19  Assimilator  
  99  10:23  Zealot x2  
  101  10:45  Stalker x3  
  101  10:46  Stalker  
  109  10:55  Gateway x2  
  109  10:58  Gateway  
Tags
 
Matchup
PvZ
Opening
Pool First
Replay Pack
HzVee P1
Strategy
Roach Nydus
Add a new tag
Caveats
  • Supply blocks, unpowered buildings, or Contaminate may cause inaccurate times.
  • Supply counts are checked every 10 seconds.